AoeStats
← eduardo.mora.glez

Arabia

505840061Analyzed
1v1 RM · 22d ago on Sep 11, 2026· 47m 50s· 2 players
Game mode
Random Map
Map size
Tiny (2 player)
Population
200
Speed
Normal
Resources
Standard
Victory
Conquest
Starting age
Dark Age
Ending age
Imperial Age
RankedLock teamsTeams togetherTeam positionsShared explorationLock speedFull tech treeHidden civsTurbo modeCheats
Victory
Defeat
🇪🇸 Burgundians · Spain
636
+1
🇪🇸 Aztecs · Spain
48
-1
eduardo.mora.glez
0:47 Loom
14:28 Feudal Age
15:52 Wheelbarrow
15:05 Town Watch
15:10 Double-Bit Axe
26:03 Castle Age
28:45 Town Patrol
29:28 Elite Skirmisher
29:59 Eagle Warrior
31:43 Scale Mail Armor
31:53 Forging
31:34 Fletching
31:59 Stone Mining
32:35 Padded Archer Armor
44:22 Hand Cart
Trex85
11:44 Feudal Age
11:59 Double-Bit Axe
11:56 Horse Collar
20:27 Castle Age
18:46 Gold Mining
20:16 Bow Saw
20:46 Gold Shaft Mining
20:14 Heavy Plow
20:11 Stone Mining
20:50 Cavalier
21:32 Husbandry
24:14 Wheelbarrow
23:25 Town Watch
23:27 Loom
30:50 Hand Cart
31:29 Stone Shaft Mining
31:19 Ballistics
31:08 Scale Barding Armor
31:14 Forging
30:55 Fletching
32:23 Forging
32:34 Chain Barding Armor
35:01 Iron Casting
37:49 Imperial Age
37:54 Paladin
39:14 Plate Barding Armor
39:39 Blast Furnace
42:09 Burgundian Vineyards
46:04 Flemish Revolution
46:11 Pikeman
46:51 Squires
46:14 Man-at-Arms
46:39 Arson
Connection lost

Rejoining the realm…

Still unreachable

The connection could not be restored.

Session expired

The server has moved on; the page needs a fresh start.